 Dungeon Crawl Stone Soup version 0.27.1-3-gb3d3a73c9e (webtiles) character file.

Game seed: 10164405549133876155

57 sable the Chopper (level 3, -1/34 HPs)
             Began as a Minotaur Berserker on Oct 30, 2021.
             Was a Believer of Trog.
             Succumbed to a goblin's poison
             ... on level 2 of the Dungeon.
             The game lasted 00:15:20 (2022 turns).

sable the Chopper (Minotaur Berserker)              Turns: 2022, Time: 00:15:21

Health: -1/34      AC:  6    Str: 22    XL:     3   Next: 73%
Magic:  2/2        EV: 11    Int:  4    God:    Trog [**....]
Gold:   85         SH:  0    Dex:  9    Spells: 2/2 levels left

rFire    . . .     SeeInvis .   a - +0 hand axe
rCold    . . .     Faith    .   (no shield)
rNeg     . . .     Spirit   .   k - +0 ring mail
rPois    .         Reflect  .   e - +1 hat
rElec    .         Harm     .   (no cloak)
rCorr    .         Rampage  .   (no gloves)
Will     .....                  (no boots)
Stlth    ..........             (no amulet)
HPRegen  0.11/turn              (no ring)
MPRegen  0.08/turn              (no ring)

@: lethally poisoned (-1 -> -8), invisible
A: horns 2, retaliatory headbutt
a: Renounce Religion, Berserk, Trog's Hand


You were on level 2 of the Dungeon.
You worshipped Trog.
Trog was pleased with you.
You visited 1 branch of the dungeon, and saw 2 of its levels.

You collected 85 gold pieces.

Inventory:

Hand Weapons
 a - a +0 hand axe (weapon)
 n - a +2 dagger of venom
Missiles
 h - 49 stones (quivered)
 l - 11 poisoned darts
Armour
 b - a +0 animal skin
 e - a +1 hat (worn)
 f - a +0 robe
 k - a +0 ring mail (worn)
Scrolls
 g - a scroll of brand weapon {unknown}
 i - a scroll of identify
 j - a scroll of enchant armour {unknown}
Potions
 c - a potion of might
 m - a potion of mutation {unknown}


   Skills:
 + Level 4.3 Fighting
 + Level 4.5 Axes
 + Level 2.6 Armour
 + Level 2.8 Dodging
 + Level 0.3 Stealth


You had 2 spell levels left.
You didn't know any spells.
Your spell library contained the following spells:

 Spells                   Type           Power      Damage    Failure   Level
 Static Discharge         Conj/Air       0%         N/A       80%         2
 Dazzling Flash           Conj/Hex       0%         N/A       95%         3
 Iskenderun's Mystic Bla  Conj/Tloc      0%         2d3       100%        4
 Freezing Cloud           Conj/Ice/Air   0%         6-21      100%        5
 Lightning Bolt           Conj/Air       0%         1d11      100%        5
 Starburst                Conj/Fire      0%         6d3       100%        6


Dungeon Overview and Level Annotations

Branches:
Dungeon (2/15)

Altars:
Dithmenos


Innate Abilities, Weirdness & Mutations

You have a pair of horns on your head.
You reflexively headbutt those who attack you in melee.


Message History

Trog accepts your kill.
You see here a +0 dagger.
A goblin comes into view. It is wielding a +2 dagger of venom.
The goblin shouts!
The goblin hits you with a +2 dagger of venom.
You are poisoned.
You hit the goblin.
The goblin is severely wounded.
You feel very sick.
The goblin hits you with a +2 dagger of venom.
You are more poisoned.
You closely miss the goblin.
The goblin is severely wounded.
You feel very sick. The goblin hits you but does no damage.
You are lethally poisoned!
You miss the goblin.
The goblin is severely wounded.
You feel very sick. The goblin completely misses you. You furiously retaliate!
You headbutt the goblin.
You kill the goblin!
Trog accepts your kill.
* * * LOW HITPOINT WARNING * * *
You feel very sick.
Things that are here:
a +2 dagger of venom; a goblin corpse
n - a +2 dagger of venom
* * * LOW HITPOINT WARNING * * *
You feel very sick.
* * * LOW HITPOINT WARNING * * *
You feel very sick.
As you read the scroll labelled KOOBUL TUNI, it crumbles to dust.
It is a scroll of identify.
c - a potion of might
* * * LOW HITPOINT WARNING * * *
You feel sick.
It was a potion of invisibility.
You fade into invisibility!
You die...

##### ♣♣♣♣♣ #### ....
8_8..♣♣... ...♣♣♣ ....♣♣..
. ...♣. ...♣.. ......#...♣
♣♣♣.♣.. ###....#.#...##
♣.♣♣.## ........#.#....♣
♣....# ..........#†.#
♣..♣..### ...........@.#
♣♣♣♣.♣..'..
......##.#.###♣.♣'#♣.♣..###
#.............♣♣.♣♣.♣..#
#......#####♣..♣..♣..#
#....).# #..♣.♣♣###
#.#.#### #..♣.♣# ..#.#
####...♣.#### #####.##
#...........# #......#
#.#########.###


There were no monsters in sight!

Vanquished Creatures
  An adder (D:2)
  A worm (D:2)
  A dart slug (D:1)
  2 ball pythons
  3 endoplasms (D:1)
  A giant cockroach (D:2)
  4 goblins
  7 hobgoblins
  5 kobolds
  2 quokkas
  3 bats
  2 frilled lizards (D:2)
  8 rats
40 creatures vanquished.

Notes
Turn   | Place    | Note
-------+----------+-------------------------------------------
     0 | D:1      | sable the Minotaur Berserker began the quest for the Orb.
     0 | D:1      | Reached XP level 1. HP: 19/19 MP: 0/0
   251 | D:1      | Reached XP level 2. HP: 27/27 MP: 1/1
   693 | D:1      | Got the Volume of Precision Catastrophes
  1001 | D:1      | Reached ** piety under Trog
  1187 | D:2      | Reached XP level 3. HP: 28/33 MP: 2/2
  1606 | D:2      | Found a shadowy altar of Dithmenos.
  1861 | D:2      | Found a faded altar of an unknown god.
  2021 | D:2      | HP: 1/34 [poisoned by a goblin]
  2022 | D:2      | Succumbed to a goblin's poison

Illustrated notes

Levels and vault maps discovered:
D:1:      evilmike_arrival_hilbert_curve, layout_loops_corners
D:2:      layout_basic, shapermc_ecumenical_altar_totnotflames, basic_altar

Skill      XL: |  1  2 |
---------------+-------+-----
Axes           | 4 |  4.5
Fighting       | 4 |  4.3
Armour         | |  2.6
Dodging        | |  2.8
Stealth        | |  0.3

Action                   || total
-------------------------++-------
Melee: Hand axe          ||    70
       Headbutt          ||    13
  Use: Scroll            ||     1
       Potion            ||     1
 Stab: Sleeping          ||     1
Armor: Animal skin       ||    11
       Ring mail         ||     2
Dodge: Dodged            ||    40
